 Dungeon Crawl Stone Soup version 0.27-a0-1140-g099f9bb0e8 (webtiles) character file.

Game seed: 10420490148613722521

50 Froggeryz the Magician (level 3, -2/21 HPs)
             Began as an Octopode Wanderer on May 10, 2021.
             Slain by Terence
             ... wielding a +0 falchion
              (6 damage)
             ... on level 2 of the Dungeon.
             The game lasted 00:03:19 (2139 turns).

Froggeryz the Magician (Octopode Wanderer)          Turns: 2139, Time: 00:03:20

Health: -2/21      AC:  2    Str:  8    XL:     3   Next: 79%
Magic:  7/7        EV: 13    Int: 17    God:
Gold:   65         SH:  0    Dex: 12    Spells: 5/8 levels left

rFire    . . .     SeeInvis .     - Unarmed
rCold    . . .     Faith    .   (no shield)
rNeg     . . .     Spirit   .   i - +1 hat
rPois    .         Reflect  .   (no amulet)
rElec    .         Harm     .   (no ring)
rCorr    .         Rampage  .   (no ring)
Will     .....                  (no ring)
Stlth    +++.......             (no ring)
HPRegen  0.07/turn              (no ring)
MPRegen  0.10/turn              (no ring)
                                (no ring)
                                (no ring)

@: no status effects
A: almost no armour, amphibious, 8 rings, camouflage 1, gelatinous body 1,
(nimble swimmer 1), tentacles
a: no special abilities


You were on level 2 of the Dungeon.
You visited 1 branch of the dungeon, and saw 2 of its levels.

You collected 65 gold pieces.

Inventory:

Hand Weapons
 a - a +0 hunting sling
Missiles
 b - 18 stones
 g - 6 poisoned darts
 l - a throwing net
Armour
 i - a +1 hat (worn)
Scrolls
 c - a scroll of teleportation
Potions
 f - 2 potions of lignification {unknown}
 h - a potion of flight {unknown}
 j - a potion of degeneration {unknown}
 m - a potion of curing {unknown}


   Skills:
 + Level 1.6 Dodging
 - Level 1.3 Stealth
 - Level 1.0 Shields
 * Level 2.6 Unarmed Combat
 - Level 3.0 Spellcasting
 - Level 1.0 Conjurations
 - Level 1.0 Hexes
 - Level 1.0 Necromancy
 - Level 2.4 Poison Magic


You had 5 spell levels left.
You knew the following spells:

 Your Spells              Type           Power      Damage    Failure   Level
a - Magic Dart            Conj           20%        1d4       12%         1
b - Slow                  Hex            5%         N/A       17%         2

Your spell library contained the following spells:

 Spells                   Type           Power      Damage    Failure   Level
 Searing Ray              Conj           10%        3d3       17%         2
 Static Discharge         Conj/Air       4%         N/A       22%         2
 Blink                    Tloc           N/A        N/A       26%         2
 Call Imp                 Summ           2%         N/A       26%         2
 Mephitic Cloud           Conj/Pois/Air  6%         N/A       32%         3
 Dazzling Flash           Conj/Hex       10%        N/A       34%         3
 Conjure Flame            Conj/Fire      4%         6-21      38%         3
 Fulminant Prism          Conj/Hex       2%         3d6       75%         4
 Iskenderun's Mystic Bla  Conj/Tloc      4%         2d3       80%         4


Dungeon Overview and Level Annotations

Branches:
Dungeon (2/15)

Altars:

Annotations:
D:2 Terence


Innate Abilities, Weirdness & Mutations

You cannot wear most types of armour.
You are amphibious.
You can wear up to eight rings at the same time.
Your skin changes colour to match your surroundings (Stealth+).
Your rubbery body absorbs attacks. (AC +1, EV +1)
((You are camouflaged near water. (Stealth+)))
You have tentacles for arms and can constrict up to eight enemies at once.


Message History

Terence bares his teeth.
Casting: Magic Dart (safe; 12% risk of failure)
Confirm with . or Enter, or press ? or * to list all spells.
Aiming: Magic Dart (safe; 12% risk of failure)
Press: ? - help, Shift-Dir - straight line, f/p - Terence
Aim: Terence, wielding a +0 falchion and wearing a +0 scale mail (100% to hit)
The magic dart hits Terence but does no damage.
You closely miss Terence. You grab Terence.
You constrict Terence, but do no damage.
Terence hits you with a +0 falchion.
You tentacle-slap Terence but do no damage.
You constrict Terence, but do no damage.
Terence barely misses you.
You tentacle-slap Terence but do no damage.
You squeeze Terence!
Terence is moderately wounded.
You constrict Terence. Terence misses you.
You tentacle-slap Terence but do no damage.
Terence is heavily wounded.
You constrict Terence. Terence misses you.
You tentacle-slap Terence but do no damage.
Terence is heavily wounded.
You constrict Terence, but do no damage.
Terence hits you with a +0 falchion.
You tentacle-slap Terence but do no damage.
Terence is heavily wounded.
You constrict Terence, but do no damage.
Terence barely misses you.
You tentacle-slap Terence.
Terence is severely wounded.
You constrict Terence, but do no damage.
Terence closely misses you.
You tentacle-slap Terence. You squeeze Terence, but do no damage.
Terence is severely wounded.
You constrict Terence. Terence hits you with a +0 falchion!
* * * LOW HITPOINT WARNING * * *
You tentacle-slap Terence.
Terence is almost dead.
You constrict Terence. Terence hits you with a +0 falchion.
You die...

#.#...######...#####.....
#.#...# ###........##.
#.#...# ###..###.###
#.#...# ###..# #.##÷
#.#<..# ####....###.#÷.
#.##### ###....##<#.....#
##.### #...#####...##...
#....#####.### ###.##...
#.......@@.# #.###..
#....####### #.# ###
#....# ### #.)..# #....#
#....# #....# ######


You could see Terence.

Vanquished Creatures
  2 adders (D:2)
  A dart slug (D:2)
  A ball python (D:1)
  An endoplasm (D:1)
  A giant cockroach (D:2)
  A goblin (D:1)
  3 hobgoblins
  4 kobolds
  4 quokkas
  4 bats
  4 frilled lizards
  3 rats (D:1)
29 creatures vanquished.

Notes
Turn   | Place    | Note
-------+----------+-------------------------------------------
     0 | D:1      | Froggeryz the Octopode Wanderer began the quest for the
                  | Orb.
     0 | D:1      | Froggeryz set off with the following items: a +0 dagger, a
                  | scroll of teleportation; and the following spell memorised:
                  | Magic Dart; and the following spells available to memorise:
                  | Searing Ray, Static Discharge, Dazzling Flash, Fulminant
                  | Prism, Iskenderun's Mystic Blast
     0 | D:1      | Reached XP level 1. HP: 11/11 MP: 4/4
   246 | D:1      | Reached skill level 1 in Unarmed Combat
   255 | D:1      | Reached XP level 2. HP: 11/17 MP: 6/6
   436 | D:1      | Found a faded altar of an unknown god.
   885 | D:2      | Reached skill level 1 in Dodging
  1168 | D:2      | Reached XP level 3. HP: 7/21 MP: 7/7
  1939 | D:2      | Learned a level 2 spell: Slow
  2100 | D:2      | Noticed Terence
  2139 | D:2      | Slain by Terence

Illustrated notes

Levels and vault maps discovered:
D:1:      matt_arrival_spirals, layout_basic, chequers_ecumenical_altar_simple,
          minmay_bisected
D:2:      layout_rooms, minmay_strange_pillars, uniq_terence

Skill      XL: |  1  2 |
---------------+-------+-----
Unarmed Combat | 1 2 |  2.6
Dodging        | 1 |  1.6
Stealth        | |  1.3
Shields        | |  1.0
Spellcasting   | |  3.0
Conjurations   | |  1.0
Hexes          | |  1.0
Necromancy     | |  1.0
Poison Magic   | |  2.4

Action                   || total
-------------------------++-------
Melee: Unarmed           ||    68
       Constrict         ||    15
       Tentacles         ||    15
       Punch             ||     1
 Fire: Hunting sling     ||    42
 Cast: Magic Dart        ||     1
  Use: Scroll            ||     3
 Stab: Sleeping          ||     2
Armor: Skin              ||    11
Dodge: Dodged            ||    48

Table legend: (Time is in decaauts)
 A = Elapsed time spent in this place.
 B = Non-inter-level travel time spent in this place.
 C = Inter-level travel time spent in this place.
 D = Time resting spent in this place.
 E = Time spent auto-exploring this place.
 F = Levels seen in this place.
 G = Mean time per level.
                   A        B        C        D        E       F      G
               +--------+--------+--------+--------+--------+-----+--------+
         Total |   2133 |   2086 |     47 |    745 |   1008 |   2 | 1066.5 |
       Dungeon |   2133 |   2086 |     47 |    745 |   1008 |   2 | 1066.5 |
               +--------+--------+--------+--------+--------+-----+--------+

Top non-repeatable levels by time:
     D:1: 1323 daAuts
     D:2: 810 daAuts
